 Dungeon Crawl Stone Soup version 0.32-a0-859-gb0a091d592 (webtiles) character file.

Game seed: 3198889715357197963

3313 SegawaOnpu the Trooper (level 9, -15/79 HPs)
             Began as a Purple Draconian Berserker on Mar 27, 2024.
             Was an Elder of Trog.
             Demolished by an orc warrior
             ... wielding a +0 spear
              (16 damage)
             ... in a bailey.
             The game lasted 00:35:07 (6648 turns).

SegawaOnpu the Trooper (Purple Draconian Berserker) Turns: 6648, Time: 00:35:07

Health: -15/79     AC: 13    Str: 25    XL:     9   Next: 70%
Magic:  13/13      EV: 12    Int:  7    God:    Trog [****..]
Gold:   216        SH:  0    Dex: 10    Spells: 8/8 levels left

rFire   . . .        D - +9 trident (drain)
rCold   + . .        (no shield)
rNeg    . . .        (body armour unavailable)
rPois   .            (helmet restricted)
rElec   .            l - +0 cloak
rCorr   .            (no gloves)
SInv    .            k - +0 pair of boots
Will    +....        (no amulet)
Stlth   +++          e - ring of protection from cold
HPRegen 0.33/turn    s - +4 ring of protection
MPRegen 0.13/turn

%: no passive effects
@: on berserk cooldown, slowed, very slow
A: nullifying breath, AC +7, unfitting armour, cold-blooded
a: Nullifying Breath, Renounce Religion, Berserk, Trog's Hand, Brothers in Arms


You were in a bailey.
You worshipped Trog.
Trog was greatly pleased with you.
You visited 1 branch of the dungeon, and saw 7 of its levels.
You also visited: Sewer and Bailey.

You collected 341 gold pieces.
You spent 125 gold pieces at shops.

Inventory:

Hand Weapons
 a - a +0 war axe
 c - a +0 rapier
 r - the +1 hand axe of Disintegration {freeze, rN+}
   (You found it on level 4 of the Dungeon)

   rN+:       It protects you from negative energy.
 y - a +3 halberd
 D - a +9 trident of draining (weapon)
Missiles
 u - 2 throwing nets (quivered)
Armour
 k - a +0 pair of boots (worn)
 l - a +0 cloak (worn)
Jewellery
 e - a ring of protection from cold (left hand)
 o - a ring of see invisible
 s - a +4 ring of protection (right hand)
Wands
 v - a wand of roots (7)
Scrolls
 b - 2 scrolls of butterflies {unknown}
 d - a scroll of fog
 h - 6 scrolls of teleportation
 i - 2 scrolls of vulnerability {unknown}
 m - a scroll of blinking {unknown}
 n - a scroll of enchant armour {unknown}
 q - 2 scrolls of revelation
 t - a scroll of fear {unknown}
 B - a scroll of amnesia {unknown}
Potions
 f - a potion of ambrosia
 g - 4 potions of mutation
 j - 2 potions of curing
 p - 2 potions of degeneration {unknown}
 w - a potion of enlightenment {unknown}
 x - 3 potions of heal wounds {unknown}
 z - 3 potions of haste
 A - 5 potions of invisibility {unknown}
 C - a potion of berserk rage {unknown}


   Skills:
 + Level 7.0 Fighting
 - Level 6.0(6.1) Axes
 + Level 1.9(4.2) Polearms
 + Level 5.9 Dodging
 + Level 5.4 Stealth
 + Level 5.8 Invocations
 + Level 5.8 Evocations


You had 8 spell levels left.
You didn't know any spells.
Your spell library contained the following spells:

 Spells                   Type           Power      Damage    Failure   Level
 Jinxbite                 Hex            0%         N/A       56%         2
 Call Canine Familiar     Summ           0%         N/A       80%         3
 Sigil of Binding         Hex            0%         N/A       80%         3
 Dimensional Bullseye     Hex/Tloc       0%         N/A       99%         4
 Yara's Violent Unravell  Hex/Alch       0%         3d3       100%        5
 Enfeeble                 Hex            0%         N/A       100%        7


Dungeon Overview and Level Annotations

Branches:
Dungeon (7/15)              Sewer (visited)          Bailey (1/1)
 Temple: D:4-7

Altars:
Cheibriados
Elyvilon
Gozag
Okawaru
Qazlal
Ru
Trog
Uskayaw
Xom
Zin
The Shining One

Shops:
D:1 *   D:2 =

Annotations:
D:7 Joseph


Innate Abilities, Weirdness & Mutations

You can breathe blasts of antimagic.
Your rich purple scales are hard. (AC +7)
You cannot fit into any form of body armour.
You are cold-blooded and may be slowed by cold attacks.


Message History

The orc knight misses you. The orc knight closely misses you.
The orc knight roars a battlecry!
You hear a shout!
You reach to attack!
You impale the orc knight!!
The orc knight is almost dead.
The orc knight barely misses you.
The orc knight hits you from afar with a +0 glaive!
The orc knight hits you from afar with a +0 halberd!!
You are too injured to fight recklessly!
You are too injured to fight recklessly!
You are too injured to fight recklessly!
An orc knight comes into view. It is wielding a +0 glaive.
The orc knight shouts!
The orc knight barely misses you.
The orc knight hits you with a +0 glaive!
* * * LOW HITPOINT WARNING * * *
The orc knight hits you with a +0 halberd!
* * * LOW HITPOINT WARNING * * *
The orc warrior barely misses you.
You see here a +0 halberd.
You puncture the orc knight!
You kill the orc knight!
Trog accepts your kill.
You feel power welling in your lungs.
Your Fighting skill increases to level 7!
The orc knight hits you from afar with a +0 halberd!
* * * LOW HITPOINT WARNING * * *
Okay, then.
You are too berserk!
You are too berserk!
Reach: D) +9 trident (drain)
Press: ? - help, Dir - move target, f - orc warrior
Aim: an orc warrior, wielding a +0 spear and wearing a +0 ring mail (strong, about 36% to evade your +9 trident of draining)
The orc knight is in the way.
You closely miss the orc knight.
You are no longer berserk.
You are exhausted.
You feel yourself slow down.
The orc knight roars a battlecry!
The orc warrior hits you from afar with a +0 spear!
You die...

##'''##
#.....#
#.....#
#.....#
#.....#
#.....#
##'''##
##.....##
#..@....#
#..#o#..#
#.))oo..#
#...))..#
#..)..).#
##....)##
#''o''#
#.....#
.......


You could see 3 orc knights and an orc warrior (strong).

Vanquished Creatures
  An orc knight (Bailey)
  Jeremiah (D:7)
  A water moccasin (D:6)
  2 ice beasts (D:6)
  2 black bears
  3 orc warriors (Bailey)
  2 ogres (D:5)
  A phantom (D:6)
  2 bullfrogs (Sewer)
  6 scorpions
  5 wights (D:6)
  2 howler monkeys
  A gnoll bouda (D:5)
  3 orc priests (D:6)
  2 hounds
  3 iguanas
  3 orc wizards
  12 gnolls
  8 adders
  4 river rats (Sewer)
  3 white imps
  4 ufetubi (D:6)
  4 dart slugs
  10 ribbon worms
  42 orcs
  6 endoplasms
  2 giant cockroaches (D:2)
  10 goblins
  9 hobgoblins
  3 jackals (D:3)
  5 quokkas
  12 ball pythons
  5 bats
  2 frilled lizards (Sewer)
  A goblin skeleton (D:6)
  3 goblin zombies (D:6)
  4 kobolds
  4 kobold skeletons (D:6)
  A kobold zombie (D:6)
  An orc zombie (D:6)
  13 rats
208 creatures vanquished.

Notes
Turn   | Place    | Note
-------+----------+-------------------------------------------
     0 | D:1      | SegawaOnpu the Draconian Berserker began the quest for the
                  | Orb.
     0 | D:1      | Reached XP level 1. HP: 19/19 MP: 1/1
   202 | D:1      | Reached XP level 2. HP: 26/26 MP: 2/2
   354 | D:1      | Found Mikuh's Assorted Antiques.
   898 | D:2      | Reached XP level 3. HP: 33/33 MP: 3/3
  1326 | D:2      | Reached skill level 1 in Stealth
  1353 | D:2      | Reached skill level 1 in Evocations
  1365 | D:2      | Reached ** piety under Trog
  1696 | D:2      | Reached skill level 1 in Invocations
  1715 | D:2      | Found Guhinn's Jewellery Shoppe.
  1897 | D:3      | Reached XP level 4. HP: 40/40 MP: 4/4
  2058 | D:3      | Found a hide-covered altar of Uskayaw.
  2058 | D:3      | Noticed a +0 dagger
  2058 | D:3      | Noticed a +0 dagger
  2396 | D:1      | Bought a twisted moonstone ring for 125 gold pieces
  2572 | D:3      | Found a white marble altar of Elyvilon.
  2603 | D:4      | Reached skill level 4 in Fighting
  2619 | D:4      | Noticed a scorpion
  2630 | D:4      | Killed a scorpion
  2631 | D:4      | Reached XP level 5. HP: 46/46 MP: 6/6
  2925 | D:4      | Identified the +1 hand axe of Disintegration {freeze, rN+}
  3156 | D:5      | Entered Level 5 of the Dungeon
  3263 | D:5      | Reached XP level 6. HP: 40/53 MP: 7/7
  3508 | D:5      | Found a glowing silver altar of Zin.
  3651 | D:5      | Found a stormy altar of Qazlal.
  3704 | D:5      | Your scales start taking on a rich purple colour.
  3704 | D:5      | Reached XP level 7. HP: 60/60 MP: 9/9
  3976 | D:5      | Found a sacrificial altar of Ru.
  3979 | D:5      | Found an opulent altar of Gozag.
  4160 | D:5      | Reached skill level 5 in Fighting
  4522 | D:6      | Reached XP level 8. HP: 68/68 MP: 10/10
  4534 | D:6      | Found a glowing drain.
  4561 | Sewer    | Entered a sewer
  4639 | Sewer    | Reached *** piety under Trog
  4791 | Sewer    | Reached skill level 5 in Axes
  5082 | D:6      | Found a bloodstained altar of Trog.
  5084 | D:6      | Found a snail-covered altar of Cheibriados.
  5089 | D:6      | Found a shimmering altar of Xom.
  5095 | D:6      | Found an iron altar of Okawaru.
  5112 | D:6      | Reached skill level 6 in Fighting
  5117 | D:6      | Reached skill level 5 in Dodging
  5306 | D:6      | Reached XP level 9. HP: 67/75 MP: 12/12
  5379 | D:6      | Reached skill level 5 in Invocations
  5379 | D:6      | Reached skill level 5 in Evocations
  5423 | D:6      | Reached **** piety under Trog
  5442 | D:6      | Found a glowing golden altar of the Shining One.
  5816 | D:7      | Noticed Jeremiah
  5842 | D:7      | HP: 3/71 [ufetubus (3)]
  6017 | D:7      | Killed Jeremiah
  6174 | D:7      | Found a flagged portal.
  6190 | D:7      | Reached skill level 5 in Stealth
  6202 | D:7      | Noticed Joseph
  6205 | Bailey   | Entered a bailey
  6630 | Bailey   | Noticed an orc knight
  6630 | Bailey   | Noticed an orc knight
  6636 | Bailey   | Noticed an orc knight
  6641 | Bailey   | Reached skill level 1 in Polearms
  6645 | Bailey   | Noticed an orc knight
  6646 | Bailey   | Killed an orc knight
  6647 | Bailey   | Reached skill level 7 in Fighting
  6647 | Bailey   | HP: 1/118 [orc knight/+0 halberd (11)]
  6648 | Bailey   | Demolished by an orc warrior

Illustrated notes

Levels and vault maps discovered:
D:1:      eino_arrival_cavern_a, layout_basic, serial_shops, shop
D:2:      minmay_chambers_of_ones, layout_loops_ring, serial_shops,
          nicolae_shop_tiny_statue_garden, nicolae_wormholes
D:3:      layout_loops_ring, mainiacjoe_overflow_tiny_flanked,
          dancing_weapons_uskayaw, serial_glass, glass_columns_c,
          glass_columns_a
D:4:      layout_basic
D:5:      layout_basic, minitemple
D:6:      layout_basic, nicolae_overflow_macrodata_refinement,
          nicolae_tso_besieged_by_evil, cheibrodos_sewer_entry_bend,
          chequers_serial_rivers_small_3, dk_rats_in_the_wall
D:7:      layout_rooms, kennysheep_mini, minmay_temple_entry_slanted,
          enter_bailey_5, kennysheep_small_square, uniq_joseph, uniq_jeremiah,
          uniq_duvessa
Bailey:   bailey_polearm_5, bailey

Skill      XL: |  1  2  3  4  5  6  7  8  9 |
---------------+----------------------------+-----
Dodging        | 3 4 5 |  5.9
Stealth        | 1 2 3 4 5 |  5.4
Evocations     | 1 2 3 4 5 |  5.8
Invocations    | 1 2 3 4 5 |  5.8
Fighting       | 4 5 6 7 |  7.0
Axes           | 4 5 6 |  6.0
Polearms       | 1 |  1.9

Action                     |  1- 3 |  4- 6 |  7- 9 || total
---------------------------+-------+-------+-------++-------
  Melee: Hand axe          |   136 |   135 |   260 ||   531
         Tailslap          |    22 |    16 |    29 ||    67
         Trident           |       |       |    56 ||    56
         Halberd           |       |       |    30 ||    30
 Invoke: Berserk           |     3 |     5 |    10 ||    18
         Trog's Hand       |       |       |     1 ||     1
Ability: Nullifying Breath |       |       |     7 ||     7
  Evoke: Wand              |       |       |     1 ||     1
    Use: Scroll            |     4 |     2 |     8 ||    14
         Potion            |       |       |     2 ||     2
   Stab: Sleeping          |     3 |     2 |     2 ||     7
 Armour: Skin              |    66 |    76 |   351 ||   493
  Dodge: Dodged            |    71 |    86 |   375 ||   532

Table legend: (Time is in decaauts)
 A = Elapsed time spent in this place.
 B = Non-inter-level travel time spent in this place.
 C = Inter-level travel time spent in this place.
 D = Time resting spent in this place.
 E = Time spent auto-exploring this place.
 F = Levels seen in this place.
 G = Mean time per level.
                   A        B        C        D        E       F      G
               +--------+--------+--------+--------+--------+-----+--------+
         Total |   6887 |   6472 |    415 |   1628 |   2879 |   9 |  765.2 |
       Dungeon |   6051 |   5636 |    415 |   1201 |   2879 |   7 |  864.4 |
         Sewer |    378 |    378 |      0 |     75 |      0 |   1 |  378.0 |
        Bailey |    457 |    457 |      0 |    352 |      0 |   1 |  457.0 |
               +--------+--------+--------+--------+--------+-----+--------+

Top non-repeatable levels by time:
     D:5: 1400 daAuts
     D:6: 1186 daAuts
     D:2: 1093 daAuts
     D:1: 811 daAuts
     D:3: 735 daAuts
     D:4: 573 daAuts
  Bailey: 457 daAuts
   Sewer: 378 daAuts
     D:7: 252 daAuts
